 Dungeon Crawl Stone Soup version 0.24-a0-458-gfcb5e6da0e (webtiles) character file.

Game seed: 11641832327372663826

53 Ijustatesigmund the Skirmisher (level 3, 0/39 HPs)
             Began as an Ogre Hunter on June 27, 2019.
             Slain by an adder (3 damage)
             ... on level 2 of the Dungeon.
             The game lasted 00:02:11 (1894 turns).

Ijustatesigmund the Skirmisher (Ogre Hunter)        Turns: 1894, Time: 00:02:11

Health: 0/39       AC:  3    Str: 16    XL:     3   Next: 89%
Magic:  3/3        EV: 10    Int: 16    God:
Gold:   83         SH:  0    Dex: 10    Spells: 2/2 levels left

rFire    . . .     SeeInvis .   a - +0 short sword
rCold    . . .     Gourm    .   (no shield)
rNeg     . . .     Faith    .   b - +0 robe
rPois    .         Spirit   .   (helmet restricted)
rElec    .         Reflect  .   (no cloak)
rCorr    .         Harm     .   (gloves unavailable)
MR       .....                  (boots unavailable)
Stlth    +.........             (no amulet)
HPRegen  0.13/turn              g - +4 ring of intelligence
MPRegen  0.08/turn              (no ring)

@: lethally poisoned (0 -> -3)
A: large, unfitting armour, tough skin 1
a: no special abilities


You were on level 2 of the Dungeon.
You were not hungry.

You visited 1 branch of the dungeon, and saw 2 of its levels.

You collected 83 gold pieces.

Inventory:

Hand Weapons
 a - a +0 short sword (weapon)
Armour
 b - a +0 robe (worn)
Jewellery
 e - an uncursed ring of fire
 g - a +4 ring of intelligence (left hand)
Comestibles
 f - 4 rations
 h - a chunk of flesh


   Skills:
 + Level 4.1 Fighting
 + Level 2.1 Short Blades
 - Level 4.0 Throwing
 - Level 1.7 Dodging
 - Level 0.6 Stealth


You had 2 spell levels left.
You didn't know any spells.
Your spell library was empty.

Dungeon Overview and Level Annotations

Branches:
Dungeon (2/15)

Altars:


Innate Abilities, Weirdness & Mutations

You are too large for most types of armour.
You have tough skin. (AC +1)


Message History

The adder bites you.
* * * LOW HITPOINT WARNING * * *
You are poisoned.
The adder poisons you!
Throwing (i - inventory)
c - 2 large rocks (quivered)
Press: ? - help, Shift-Dir - straight line, f/p - adder
Aim: an adder You throw a large rock.
The large rock closely misses the adder.
You feel sick. The adder bites you but does no damage.
The adder closely misses you.
Throwing (i - inventory)
c - a large rock (quivered)
Press: ? - help, Shift-Dir - straight line, f/p - adder
Aim: an adder You throw a large rock.
The large rock closely misses the adder.
You feel sick. The adder bites you.
* * * LOW HITPOINT WARNING * * *
The adder bites you but does no damage. The adder bites you.
You die...

##.#.#........#
##.............#
#.....#..#######
#........#
......####.#####
####......÷...(#
......#.....#.#
##....#.#.#.#S#
#....#h#...#@# #####
#.#.##.#####.# #...#
#......# #.####.#.#
###h########.[...<..#####
#.#####...............#
#h##..................#
...........÷†.........#
.#.#...................#
#.#.#....###<.###########


You could see an adder.

Vanquished Creatures
  2 dart slugs (D:1)
  3 goblins (D:1)
  5 hobgoblins
  13 jackals
  A quokka (D:2)
  4 ball pythons (D:1)
  2 bats (D:1)
  2 frilled lizards
  4 kobolds
  8 rats
44 creatures vanquished.

Notes
Turn   | Place    | Note
-------+----------+-------------------------------------------
     0 | D:1      | Ijustatesigmund the Ogre Hunter began the quest for the
                  | Orb.
     0 | D:1      | Reached XP level 1. HP: 22/22 MP: 1/1
   169 | D:1      | Reached XP level 2. HP: 22/31 MP: 2/2
   775 | D:1      | Reached skill level 1 in Short Blades
   897 | D:1      | Reached XP level 3. HP: 37/39 MP: 3/3
  1894 | D:2      | Slain by an adder

Levels and vault maps discovered:
D:1:      dpeg_arrival_tiny_a, layout_loops_ring, serial_co_window_serial,
          co_window_paths_a, co_window_of_opportunity_a, co_window_paths_a,
          co_window_of_opportunity_a, co_window_corner_a, co_window_corner_a,
          co_window_paths_b, co_window_broadway_a, co_window_corner_cb,
          co_window_unsneaky_path_c, co_window_corner_b,
          co_window_of_opportunity_c, co_window_of_opportunity_b,
          co_window_unsneaky_path_a, co_window_4corner_b, glass_columns_a,
          glass_columns_a, glass_columns_b, glass_columns_b, glass_columns_a,
          minmay_misc_feat_room
D:2:      layout_basic

Skill      XL: |  1  2  3 |
---------------+----------+-----
Fighting       | 3 4 |  4.1
Short Blades   | 1 2 |  2.1
Throwing       | |  4.0
Dodging        | |  1.7
Stealth        | |  0.6

Action                   || total
-------------------------++-------
Melee: Short sword       ||   175
Throw: Large rock        ||     5
       Throwing net      ||     2
 Stab: Sleeping          ||     2
  Eat: Chunk             ||     3
Armor: Robe              ||    61
Dodge: Dodged            ||   102

Table legend:
 A = Non-vault XP
 B = Vault XP
 C = Vault XP percentage of total XP
 D = Non-vault monster count
 E = Vault monster count
 F = Vault count percentage of total count
                 A         B        C        D         E       F
            +---------+---------+-------+---------+---------+-------
      Total |      77 |       0 |   0.0 |      44 |       0 |   0.0
            +---------+---------+-------+---------+---------+-------
        D:1 |      61 |       0 |   0.0 |      35 |       0 |   0.0
        D:2 |      16 |       0 |   0.0 |       9 |       0 |   0.0
            +---------+---------+-------+---------+---------+-------
